 Dungeon Crawl Stone Soup version 0.30-a0-373-gd37427bb62 (webtiles) character file.

Game seed: 525287231613583887

106 mopl the Magician (level 4, -5/33 HPs)
             Began as a Draconian Hedge Wizard on Nov 24, 2022.
             Slain by an orc
             ... wielding a +0 flail
              (7 damage)
             ... on level 3 of the Dungeon.
             The game lasted 00:02:14 (1695 turns).

mopl the Magician (Draconian Hedge Wizard)          Turns: 1695, Time: 00:02:14

Health: -5/33      AC:  5    Str: 12    XL:     4   Next: 55%
Magic:  0/18       EV: 12    Int: 16    God:
Gold:   151        SH:  0    Dex: 11    Spells: 7/10 levels left

rFire   . . .      SeeInvis +    a - +0 dagger
rCold   . . .      Faith    .    (no shield)
rNeg    . . .      Spirit   .    (body armour unavailable)
rPois   .          Reflect  .    b - +0 hat
rElec   .          Harm     .    (no cloak)
rCorr   .          Rampage  .    (no gloves)
Will    .....                    (no boots)
Stlth   ++........               (no amulet)
HPRegen 0.25/turn                i - ring of magical power
MPRegen 0.16/turn                n - ring of see invisible

@: no status effects
A: AC +5, unfitting armour, cold-blooded
a: no special abilities


You were on level 3 of the Dungeon.
You visited 1 branch of the dungeon, and saw 3 of its levels.

You collected 151 gold pieces.

Inventory:

Hand Weapons
 a - a +0 dagger (weapon)
Missiles
 k - 3 boomerangs
Armour
 b - a +0 hat (worn)
Jewellery
 i - a ring of magical power (left hand)
 n - a ring of see invisible (right hand)
Scrolls
 e - a scroll of vulnerability {unknown}
 h - a scroll of teleportation {unknown}
 j - 6 scrolls of identify
 m - a scroll of noise {unknown}
Potions
 c - a potion of magic
 d - a potion of heal wounds
 f - a potion of haste
 g - a potion of invisibility
 l - a potion of resistance
 o - a potion of mutation {!q}


   Skills:
 - Level 1.7 Dodging
 - Level 1.7 Stealth
 + Level 3.9 Spellcasting
 + Level 2.7 Conjurations
 - Level 1.0 Summonings
 + Level 2.2 Translocations


You had 7 spell levels left.
You knew the following spells:

 Your Spells              Type           Power      Damage    Failure   Level
a - Magic Dart            Conj           48%        1d5       5%          1
e - Blink                 Tloc           20%        N/A       11%         2

Your spell library contained the following spells:

 Spells                   Type           Power      Damage    Failure   Level
 Slow                     Hex            12%        N/A       17%         1
 Call Imp                 Summ           6%         N/A       17%         2
 Cigotuvi's Dreadful Rot  Necr/Pois/Air  6%         N/A       26%         2
 Mephitic Cloud           Conj/Pois/Air  6%         N/A       34%         3


Dungeon Overview and Level Annotations

Branches:
Dungeon (3/15)

Altars:

Shops:
D:1 [   D:2 (


Innate Abilities, Weirdness & Mutations

Your plain brown scales are hard. (AC +5)
You cannot fit into any form of body armour.
You are cold-blooded and may be slowed by cold attacks.


Message History

The magic dart hits the orc but does no damage.
The orc is severely wounded.
The orc hits you with a +0 flail.
* * * LOW HITPOINT WARNING * * *
Casting: Magic Dart (safe; 5% risk of failure)
Confirm with . or Enter, or press ? or * to list all spells.
You don't have enough magic to cast this spell.
Unknown command.
You hit the orc but do no damage.
Your tail-slap misses the orc.
The orc is severely wounded.
The orc hits you with a +0 flail!
* * * LOW HITPOINT WARNING * * *
You barely miss the orc.
The orc is severely wounded.
The orc closely misses you.
You hit the orc but do no damage.
The orc is severely wounded.
The orc hits you but does no damage.
You hit the orc but do no damage.
The orc is severely wounded.
The orc misses you.
You barely miss the orc.
Your tail-slap misses the orc.
The orc is severely wounded.
The orc hits you with a +0 flail.
* * * LOW HITPOINT WARNING * * *
Your magical contamination has completely faded away.
Casting: Magic Dart (safe; 5% risk of failure)
Confirm with . or Enter, or press ? or * to list all spells.
Aiming: Magic Dart (safe; 5% risk of failure)
Press: ? - help, Shift-Dir - straight line, f/p - orc
Aim: an orc, wielding a +0 flail and wearing a +0 chain mail (severely wounded, 100% to hit)
The magic dart hits the orc but does no damage.
The orc is severely wounded.
The orc closely misses you. The orc attacks as you move away!
The orc closely misses you. The orc attacks as you move away!
The orc barely misses you.
You barely miss the orc.
Your tail-slap misses the orc.
The orc is heavily wounded.
The orc hits you with a +0 flail!
You die...

#######
#.....#
#.....#
#.....#
#.....#
#.....#
###.###
.###### ##.##
.....))##@<.#
#..o####
#####


You could see an orc.

Vanquished Creatures
  An orc priest (D:3)
  Terence (D:2)
  A worm (D:2)
  An orc (D:3)
  6 ball pythons
  6 bats
  3 endoplasms
  5 goblins (D:1)
  5 hobgoblins (D:1)
  2 jackals (D:1)
  6 kobolds
  A quokka (D:2)
  2 frilled lizards
  3 rats
43 creatures vanquished.

Notes
Turn   | Place    | Note
-------+----------+-------------------------------------------
     0 | D:1      | mopl the Draconian Hedge Wizard began the quest for the
                  | Orb.
     0 | D:1      | Reached XP level 1. HP: 14/14 MP: 4/4
    49 | D:1      | Reached XP level 2. HP: 20/20 MP: 6/6
    83 | D:1      | Learned a level 2 spell: Blink
   327 | D:1      | Reached skill level 2 in Conjurations
   356 | D:1      | Found Makhial's Antique Armour Shop.
   467 | D:1      | Reached XP level 3. HP: 26/26 MP: 7/7
   778 | D:2      | Noticed Terence
   800 | D:2      | Killed Terence
  1009 | D:2      | Found Luzig's Antique Weapon Emporium.
  1065 | D:2      | Reached XP level 4. HP: 32/33 MP: 9/9
  1394 | D:2      | Reached skill level 2 in Translocations
  1691 | D:3      | HP: 1/33 [orc/+0 flail (3)]
  1695 | D:3      | Slain by an orc

Illustrated notes

Levels and vault maps discovered:
D:1:      dpeg_arrival_tiny_i, layout_loops_ring, serial_shops,
          nicolae_shop_competitors_out_of_business
D:2:      layout_basic, serial_shops, shop_fountains, uniq_terence
D:3:      kennysheep_six_static_rooms, layout_loops_cross,
          hellmonk_ecumenical_altar_watching_god

Skill      XL: |  1  2  3  4 |
---------------+-------------+-----
Conjurations   | 2 |  2.7
Translocations | 2 |  2.2
Dodging        | |  1.7
Stealth        | |  1.7
Spellcasting   | |  3.9
Summonings     | |  1.0

Action                   |  1- 3 |  4- 6 || total
-------------------------+-------+-------++-------
Melee: Dagger            |   101 |     6 ||   107
       Tailslap          |    14 |       ||    14
       Punch             |     2 |       ||     2
 Cast: Magic Dart        |    40 |    34 ||    74
  Use: Scroll            |     5 |     1 ||     6
 Stab: Sleeping          |     3 |       ||     3
Armor: Skin              |    35 |     1 ||    36
Dodge: Dodged            |    71 |    17 ||    88

Table legend: (Time is in decaauts)
 A = Elapsed time spent in this place.
 B = Non-inter-level travel time spent in this place.
 C = Inter-level travel time spent in this place.
 D = Time resting spent in this place.
 E = Time spent auto-exploring this place.
 F = Levels seen in this place.
 G = Mean time per level.
                   A        B        C        D        E       F      G
               +--------+--------+--------+--------+--------+-----+--------+
         Total |   1693 |   1654 |     39 |     73 |   1277 |   3 |  564.3 |
       Dungeon |   1693 |   1654 |     39 |     73 |   1277 |   3 |  564.3 |
               +--------+--------+--------+--------+--------+-----+--------+

Top non-repeatable levels by time:
     D:2: 950 daAuts
     D:1: 702 daAuts
     D:3: 40 daAuts
